 Dungeon Crawl Stone Soup version 0.28-a0-595-g9f6c0e134a (webtiles) character file.

Game seed: 331012826116053855

2200 bande the Cleaver (level 9, -1/55 HPs)
             Began as a Gargoyle Fighter on Oct 5, 2021.
             Slain by a two-headed ogre (4 damage)
             ... on level 7 of the Dungeon.
             The game lasted 00:11:06 (5927 turns).

bande the Cleaver (Gargoyle Fighter)                Turns: 5927, Time: 00:11:06

Health: -1/55      AC: 23    Str: 21    XL:     9   Next: 34%
Magic:  9/9        EV:  6    Int:  9    God:
Gold:   419        SH:  5    Dex: 11    Spells: 8/8 levels left

rFire   + . .      SeeInvis .   a - +1 war axe
rCold   . . .      Faith    .   c - +0 buckler
rNeg    + + .      Spirit   .   o - +0 plate armour
rPois   ∞          Reflect  .   k - +0 helmet
rElec   +          Harm     .   g - +1 cloak
rCorr   .          Rampage  .   (no gloves)
Will    .....                   (no boots)
Stlth   ..........              i - amulet of regeneration
HPRegen 1.18/turn               p - ring of protection from fire
MPRegen 0.11/turn               v - ring of positive energy

@: no status effects
A: sickness immunity, AC +6, negative energy resistance 1, electricity
resistance, torment resistance 1, petrification resistance
a: no special abilities


You were on level 7 of the Dungeon.
You visited 2 branches of the dungeon, and saw 8 of its levels.

You collected 419 gold pieces.

Inventory:

Hand Weapons
 a - a +1 war axe (weapon)
 y - a +0 morningstar
Armour
 c - a +0 buckler (worn)
 g - a +1 cloak (worn)
 k - a +0 helmet (worn)
 o - a +0 plate armour (worn)
Jewellery
 i - an amulet of regeneration (around neck)
 p - a ring of protection from fire (left hand)
 r - an amulet of the acrobat
 u - a ring of positive energy
 v - a ring of positive energy (right hand)
Wands
 b - a wand of acid (10)
 h - a wand of iceblast (10)
 n - a wand of paralysis (8)
 q - a wand of flame (21)
Scrolls
 e - 2 scrolls of amnesia
 j - 2 scrolls of enchant weapon
 m - a scroll of magic mapping
 t - a scroll of teleportation
 w - a scroll of blinking
Potions
 d - a potion of flight
 f - 3 potions of curing
 l - 2 potions of heal wounds
 s - a potion of magic
 x - a potion of brilliance
 z - 2 potions of haste {unknown}


   Skills:
 + Level 6.1 Fighting
 + Level 8.0 Axes
 + Level 6.6 Armour
 + Level 5.0 Shields
 * Level 2.7 Evocations


You had 8 spell levels left.
You didn't know any spells.
Your spell library contained the following spells:

 Spells                   Type           Power      Damage    Failure   Level
 Passwall                 Tmut/Erth      0%         N/A       100%        2
 Gell's Gravitas          Tloc           0%         N/A       100%        3
 Lesser Beckoning         Tloc           0%         N/A       100%        3
 Ozocubu's Armour         Ice            0%         N/A       100%        3
 Summon Guardian Golem    Hex/Summ       0%         N/A       100%        3
 Swiftness                Air            0%         N/A       100%        3
 Teleport Other           Tloc           0%         N/A       100%        3
 Animate Armour           Summ/Erth      0%         N/A       100%        4
 Blade Hands              Tmut           0%         N/A       100%        5
 Invisibility             Hex            0%         N/A       100%        6
 Iron Shot                Conj/Erth      0%         9d1       100%        6
 Orb of Destruction       Conj           0%         N/A       100%        7
 Ozocubu's Refrigeration  Ice            0%         4d5       100%        7
 Spellforged Servitor     Conj/Summ      0%         N/A       100%        7


Dungeon Overview and Level Annotations

Branches:
Dungeon (7/15)             Temple (1/1) D:6

Altars:
Ashenzari
Cheibriados
Dithmenos
Elyvilon
Fedhas
Gozag
Hepliaklqana
Kikubaaqudgha
Makhleb
Nemelex Xobeh
Qazlal
Ru
Sif Muna
Trog
Uskayaw
Vehumet
Wu Jian
Xom
Yredelemnul
Zin
The Shining One


Innate Abilities, Weirdness & Mutations

You are immune to sickness and miasma.
Your stone body is resilient. (AC +6)
You are immune to poison.
You resist negative energy. (rN+)
You are resistant to electric shocks. (rElec)
You are resistant to unholy torment.
You are immune to petrification.


Message History

j - 2 scrolls of enchant weapon (gained 1)
A two-headed ogre comes into view. It is wielding two +0 giant clubs.
The two-headed ogre shouts in stereo!
A two-headed ogre is nearby!
The two-headed ogre hits you with a +0 giant club!
The two-headed ogre hits you with a +0 giant club.
You barely miss the two-headed ogre. The two-headed ogre barely misses you.
The two-headed ogre closely misses you.
Your plate armour prevents you from hitting the two-headed ogre.
You slash the two-headed ogre!
The two-headed ogre is lightly wounded.
The two-headed ogre hits you with a +0 giant club!
You block the two-headed ogre's attack.
You slash the two-headed ogre!
The two-headed ogre is moderately wounded.
The two-headed ogre barely misses you. x2
You slash the two-headed ogre!
The two-headed ogre is heavily wounded.
The two-headed ogre hits you with a +0 giant club!
The two-headed ogre hits you but does no damage.
You are too injured to fight recklessly!
You are too injured to fight recklessly!
You are too injured to fight recklessly!
You are too injured to fight recklessly!
You are too injured to fight recklessly!
You are too injured to fight recklessly!
You are too injured to fight recklessly!
You are too injured to fight recklessly!
You are too injured to fight recklessly!
You are too injured to fight recklessly!
You hit the two-headed ogre.
The two-headed ogre is heavily wounded.
The two-headed ogre hits you but does no damage.
You block the two-headed ogre's attack.
You closely miss the two-headed ogre.
The two-headed ogre is heavily wounded.
The two-headed ogre hits you with a +0 giant club!!
* * * LOW HITPOINT WARNING * * *
The two-headed ogre hits you with a +0 giant club.
You die...

...)))...#####.###.#......##....#
...#####.......# #........+......
..).......###...##........##.....
..).......#......#....###.##.....
...)......# #....#....###........
###.).....#.#....#...............
#.......#......+...............
#.......# #..O.#..##.##..##....
#.......# #...@................
#.......# #+####..##..##.......
#.......# #..##.....).....
#.......# +.........#.#...
#.......# ##.###.#..#.#...
###.......# ..###......#...
..........### ......#..###..#
............. .............#
............. ..............


You could see a two-headed ogre.

Vanquished Creatures
  Maggie (D:6)
  Grinder (D:3)
  Menkaure (D:4)
  A water moccasin (D:5)
  A necrophage (D:5)
  2 ogres
  3 phantoms
  2 bullfrogs
  A wyvern zombie (D:7)
  A water moccasin skeleton (D:5)
  2 bullfrog zombies
  A centaur zombie (D:5)
  2 hounds
  An orc priest (D:7)
  5 iguanas
  6 orc wizards
  Terence (D:3)
  A hound skeleton (D:4)
  Robin (D:3)
  8 adders
  4 gnolls (D:4)
  A shadow imp (D:7)
  A white imp (D:6)
  An ufetubus (D:3)
  A worm (D:2)
  4 dart slugs
  20 orcs
  10 ball pythons
  15 bats
  6 endoplasms
  5 giant cockroaches
  14 goblins
  10 hobgoblins
  3 jackals (D:3)
  3 quokkas
  3 frilled lizards (D:1)
  5 kobolds
  3 rats
151 creatures vanquished.

Notes
Turn   | Place    | Note
-------+----------+-------------------------------------------
     0 | D:1      | bande the Gargoyle Fighter began the quest for the Orb.
     0 | D:1      | Reached XP level 1. HP: 14/14 MP: 1/1
   201 | D:1      | Reached XP level 2. HP: 19/19 MP: 2/2
   426 | D:1      | Reached skill level 2 in Axes
   912 | D:1      | Found a faded altar of an unknown god.
   963 | D:2      | Reached XP level 3. HP: 23/23 MP: 3/3
  1592 | D:2      | Reached XP level 4. HP: 24/29 MP: 4/4
  1864 | D:3      | Reached skill level 3 in Axes
  2141 | D:3      | Reached XP level 5. HP: 31/33 MP: 5/5
  2223 | D:3      | Noticed Terence
  2230 | D:3      | Killed Terence
  2360 | D:3      | Noticed Robin
  2378 | D:3      | Killed Robin
  2643 | D:3      | Found a radiant altar of Vehumet.
  2643 | D:3      | Noticed Grinder
  2651 | D:3      | Paralysed by Grinder for 5 turns
  2661 | D:3      | Paralysed by Grinder for 7 turns
  2673 | D:3      | Paralysed by Grinder for 7 turns
  2680 | D:3      | Killed Grinder
  2681 | D:3      | Reached skill level 4 in Axes
  2681 | D:3      | Reached XP level 6. HP: 16/38 MP: 6/6
  2775 | D:3      | Found a shimmering blue altar of Sif Muna.
  2991 | D:4      | Reached skill level 5 in Armour
  2991 | D:4      | Reached XP level 7. HP: 39/44 MP: 7/7
  2997 | D:4      | Noticed Menkaure
  3006 | D:4      | Killed Menkaure
  3007 | D:4      | Reached skill level 5 in Axes
  3453 | D:5      | Entered Level 5 of the Dungeon
  3453 | D:5      | Found a stormy altar of Qazlal.
  3465 | D:5      | Reached XP level 8. HP: 43/48 MP: 8/8
  3469 | D:5      | Reached skill level 6 in Axes
  3498 | D:5      | Found a hazy altar of Hepliaklqana.
  3543 | D:5      | Reached skill level 5 in Fighting
  4183 | D:5      | Reached skill level 1 in Evocations
  4593 | D:6      | Found a sacrificial altar of Ru.
  4718 | D:6      | Reached skill level 7 in Axes
  4851 | D:6      | Noticed Maggie
  4864 | D:6      | Found a staircase to the Ecumenical Temple.
  4876 | D:6      | Killed Maggie
  4877 | D:6      | Reached XP level 9. HP: 46/55 MP: 9/9
  5251 | D:6      | Reached skill level 5 in Shields
  5282 | Temple   | Entered the Ecumenical Temple
  5591 | D:7      | Reached skill level 8 in Axes
  5918 | D:7      | Noticed a two-headed ogre
  5927 | D:7      | Slain by a two-headed ogre

Illustrated notes

Levels and vault maps discovered:
D:1:      denvon_arrival_waterhouse, layout_loops_cross,
          shapermc_ecumenical_altar_mp_vishouse, due_unseen_surprise
D:2:      layout_basic, minmay_heptomino_o4
D:3:      layout_loops_ring, nicolae_vehumet_altar_sigil,
          mainiacjoe_overflow_alcove_4, uniq_robin, uniq_terence, uniq_grinder
D:4:      layout_rooms, kennysheep_generic_room_9, uniq_menkaure
D:5:      layout_basic, grunt_temple_overflow_open
D:6:      layout_basic, nicolae_ru_great_annihilating_truth,
          minmay_temple_entry_mini_moons, uniq_maggie
D:7:      layout_basic
Temple:   kb_temple_of_zot

Skill      XL: |  1  2  3  4  5  6  7  8  9 |
---------------+----------------------------+-----
Axes           | 2 3 4 5 7 8 |  8.0
Armour         | 4 5 6 |  6.6
Fighting       | 4 5 6 |  6.1
Shields        | 4 5 |  5.0
Evocations     | 2 |  2.7

Action                   |  1- 3 |  4- 6 |  7- 9 || total
-------------------------+-------+-------+-------++-------
Melee: War axe           |   150 |   138 |   257 ||   545
  Use: Scroll            |     3 |     1 |    12 ||    16
       Potion            |       |     1 |     1 ||     2
 Stab: Paralysed         |       |       |     1 ||     1
Armor: Scale mail        |    80 |    99 |       ||   179
       Chain mail        |       |    16 |    46 ||    62
       Plate armour      |       |       |   185 ||   185
Dodge: Dodged            |    99 |   102 |    75 ||   276
Block: Buckler           |    42 |    36 |    53 ||   131

Table legend: (Time is in decaauts)
 A = Elapsed time spent in this place.
 B = Non-inter-level travel time spent in this place.
 C = Inter-level travel time spent in this place.
 D = Time resting spent in this place.
 E = Time spent auto-exploring this place.
 F = Levels seen in this place.
 G = Mean time per level.
                   A        B        C        D        E       F      G
               +--------+--------+--------+--------+--------+-----+--------+
         Total |   6074 |   6058 |     16 |    360 |   4164 |   8 |  759.2 |
       Dungeon |   5946 |   5930 |     16 |    360 |   4072 |   7 |  849.4 |
        Temple |    127 |    127 |      0 |      0 |     92 |   1 |  127.0 |
               +--------+--------+--------+--------+--------+-----+--------+

Top non-repeatable levels by time:
     D:3: 1146 daAuts
     D:5: 1053 daAuts
     D:1: 968 daAuts
     D:2: 892 daAuts
     D:6: 832 daAuts
     D:4: 563 daAuts
     D:7: 491 daAuts
  Temple: 127 daAuts
